 Dungeon Sprint DCSS version 0.27-a0-103-g6cd7b45605 (webtiles) character file.

Game seed: 4524428905674529845

2928 mhtbhm the Martial Artist (level 9, -2/57 HPs)
             Began as an Octopode Transmuter on Jan 24, 2021.
             Was a Follower of Makhleb.
             Slain by a centaur warrior (11 damage)
             ... in the Dungeon (Sprint I: "Red Sonja").
             The game lasted 00:03:35 (1896 turns).

mhtbhm the Martial Artist (Octopode Transmuter)     Turns: 1896, Time: 00:03:35

Health: -2/57      AC:  1    Str: 12    XL:     9   Next: 79%
Magic:  17/22      EV: 17    Int: 15    God:    Makhleb [*.....]
Gold:   863        SH:  0    Dex: 13    Spells: 12/27 levels left

rFire    . . .     SeeInvis .     - Unarmed
rCold    . . .     Faith    .   (shield currently unavailable)
rNeg     . . .     Spirit   .   (helmet restricted)
rPois    .         Reflect  .   (no amulet)
rElec    .         Harm     .   (no ring)
rCorr    .         Rampage  .   (no ring)
Will     .....     NoTele   +   (no ring)
Stlth    ++++++....             (no ring)
HPRegen  0.19/turn              (no ring)
MPRegen  0.18/turn              (no ring)
                                (no ring)
                                (no ring)

@: blade tentacles (expiring), wereblooded
A: almost no armour, stealthy swim, amphibious, 8 rings, constrict 8, camouflage
1, gelatinous body 1
a: End Transformation, Renounce Religion


You were in the Dungeon.
You worshipped Makhleb.
Makhleb was aware of your devotion.
You had blades for tentacles.
You visited 1 branch You collected 863 gold pieces.

Inventory:

Missiles
 b - 4 curare-tipped darts
Scrolls
 a - 2 scrolls of remove curse {unknown}
 g - a scroll of blinking
Potions
 c - 2 potions of curing
 d - a potion of haste
 e - 2 potions of magic


   Skills:
 + Level 3.3 Fighting
 + Level 7.0 Dodging
 + Level 10.8 Stealth
 + Level 13.0 Unarmed Combat
 + Level 9.5 Spellcasting
 + Level 10.3 Transmutations
 + Level 2.9 Poison Magic


You had 12 spell levels left.
You knew the following spells:

 Your Spells              Type           Power        Failure   Level
a - Beastly Appendage     Tmut           76%          8%          1
b - Wereblood             Tmut           38%          9%          2
c - Spider Form           Tmut/Pois      13%          21%         3
d - Ice Form              Ice/Tmut       22%          50%         4
e - Blade Hands           Tmut           19%          30%         5

Your spell library contained the following spells:

 Spells                   Type           Power        Failure   Level


Dungeon Overview and Level Annotations

Branches:
Dungeon (1/1)

Altars:
Cheibriados
Dithmenos
Elyvilon
Fedhas
Gozag
Hepliaklqana
Kikubaaqudgha
Makhleb
Nemelex Xobeh
Okawaru
Qazlal
Ru
Sif Muna
Trog
Uskayaw
Vehumet
Wu Jian
Xom
Yredelemnul
Zin
The Shining One
Jiyva
Lugonu

Shops:
D }([


Innate Abilities, Weirdness & Mutations

You cannot wear most types of armour.
You are very stealthy in the water. (Stealth+)
You are amphibious.
You can wear up to eight rings at the same time.
You can use your tentacles to constrict eight enemies at once.
Your skin changes colour to match your surroundings (Stealth+).
Your rubbery body absorbs attacks. (AC +1, EV +1)


Message History

Your Dodging skill increases to level 7!
Your Unarmed Combat skill increases to level 13!
Your Transmutations skill increases to level 10!
Unknown command.
You barely miss the centaur warrior. You slash the centaur warrior!
The centaur warrior is lightly wounded.
Your transformation is almost over.
The centaur warrior closely misses you.
You hit the centaur warrior.
The centaur warrior is lightly wounded.
The centaur warrior hits you!
* * * LOW HITPOINT WARNING * * *
You slash the centaur warrior! You squeeze the centaur warrior!
The centaur warrior is heavily wounded.
The centaur warrior misses you.
You slice the centaur warrior!!
Your squeeze misses the centaur warrior.
The centaur warrior is almost dead.
The centaur warrior hits you!
You die...

#######################
#.)'..#.)'..#__#..'.).#
'..#.)'..#..'..'..#...#
#####'#####'#__####)..+
####..#...#[####[§#####
#__####..##.#§§§§§#
#_____##'#_.+§§§@§+
#_.∩...').._#§≈≈§c#
#_..__##_.#'##§####
#_____###'#.#.(..###
#########.####'###(##
.......'...'.....'.∩#
++++####...##########
###.### #.#'#.#


You could see a centaur warrior.

Vanquished Creatures
  A centaur warrior (D)
  Sonja (D)
  A deep troll (D)
  2 kobold demonologists (D)
  A slime creature (D)
  Sigmund (D)
  A yak (D)
  A floating eye (D)
  An ogre (D)
  A jelly (D)
  Ijyb (D)
12 creatures vanquished.

Vanquished Creatures (others)
  A gargoyle (D)
  2 ballistomycete spores (D)
3 creatures vanquished.

Grand Total: 15 creatures vanquished

Notes
Turn   | Place    | Note
-------+----------+-------------------------------------------
     0 | D        | mhtbhm the Octopode Transmuter began the quest for the Orb.
     0 | D        | Reached XP level 1. HP: 13/13 MP: 3/3
    14 | D        | Noticed Ijyb
    31 | D        | Killed Ijyb
    32 | D        | Reached skill level 1 in Stealth
    32 | D        | Reached skill level 5 in Unarmed Combat
    32 | D        | Reached XP level 2. HP: 14/18 MP: 4/6
    32 | D        | Reached XP level 3. HP: 18/23 MP: 4/7
   206 | D        | Learned a level 2 spell: Wereblood
   210 | D        | Learned a level 3 spell: Spider Form
   391 | D        | Noticed an ogre
   397 | D        | Killed an ogre
   398 | D        | Reached skill level 7 in Unarmed Combat
   398 | D        | Reached XP level 4. HP: 28/28 MP: 1/10
   399 | D        | Noticed Sigmund
   405 | D        | Killed a gargoyle
   410 | D        | Killed Sigmund
   411 | D        | Reached skill level 9 in Unarmed Combat
   411 | D        | Reached skill level 5 in Spellcasting
   411 | D        | Reached skill level 5 in Transmutations
   411 | D        | Reached XP level 5. HP: 28/33 MP: 2/12
   411 | D        | Reached XP level 6. HP: 32/38 MP: 2/13
   598 | D        | Learned a level 4 spell: Ice Form
   604 | D        | Learned a level 5 spell: Blade Hands
   617 | D        | Found a burning altar of Makhleb.
   617 | D        | Found a viscous altar of Jiyva.
   617 | D        | Found a shimmering altar of Xom.
   617 | D        | Found a corrupted altar of Lugonu.
   617 | D        | Noticed a slime creature
   626 | D        | Killed a slime creature
   627 | D        | Reached skill level 5 in Dodging
   627 | D        | Reached skill level 10 in Unarmed Combat
   627 | D        | Reached XP level 7. HP: 20/43 MP: 9/15
   834 | D        | Found an ornate altar of the Wu Jian Council.
   834 | D        | Found a shimmering blue altar of Sif Muna.
   836 | D        | Found a radiant altar of Vehumet.
   844 | D        | Found Baheliucko's Antique Weapon Emporium.
   844 | D        | Found an ancient bone altar of Kikubaaqudgha.
   844 | D        | Found a hazy altar of Hepliaklqana.
   844 | D        | Found a stormy altar of Qazlal.
   844 | D        | Found a hide-covered altar of Uskayaw.
   844 | D        | Found a blossoming altar of Fedhas.
   844 | D        | Found a bloodstained altar of Trog.
   844 | D        | Found an iron altar of Okawaru.
   844 | D        | Found a basalt altar of Yredelemnul.
   844 | D        | Found a glowing golden altar of the Shining One.
   844 | D        | Found a snail-covered altar of Cheibriados.
   844 | D        | Found a sacrificial altar of Ru.
   844 | D        | Found a glowing silver altar of Zin.
   844 | D        | Found a shadowy altar of Dithmenos.
   844 | D        | Found a white marble altar of Elyvilon.
   844 | D        | Noticed a yak
   845 | D        | Found an opulent altar of Gozag.
   847 | D        | Killed a yak
   848 | D        | Reached skill level 1 in Poison Magic
   848 | D        | Found a sparkling altar of Nemelex Xobeh.
   942 | D        | Became a worshipper of Makhleb the Destroyer
  1086 | D        | Noticed a kobold demonologist
  1087 | D        | Noticed a kobold demonologist
  1092 | D        | Killed a kobold demonologist
  1093 | D        | Reached skill level 11 in Unarmed Combat
  1093 | D        | Reached XP level 8. HP: 43/50 MP: 10/18
  1097 | D        | Killed a kobold demonologist
  1097 | D        | Reached * piety under Makhleb
  1378 | D        | Noticed Sonja
  1390 | D        | Killed Sonja
  1391 | D        | Reached skill level 10 in Stealth
  1391 | D        | Reached skill level 12 in Unarmed Combat
  1391 | D        | Reached XP level 9. HP: 12/55 MP: 15/21
  1426 | D        | Found Syhegann's Gadget Boutique.
  1683 | D        | Noticed a deep troll
  1689 | D        | Killed a deep troll
  1699 | D        | Found Mushalarph's Armour Emporium.
  1884 | D        | Noticed a centaur warrior
  1885 | D        | Noticed a centaur warrior
  1892 | D        | Killed a centaur warrior
  1893 | D        | Reached skill level 13 in Unarmed Combat
  1893 | D        | Reached skill level 10 in Transmutations
  1896 | D        | Slain by a centaur warrior

Illustrated notes

Levels and vault maps discovered:
D:        dungeon_sprint_1 [red_sonja_temple_1, red_sonja_temple_small_1]

Skill      XL: |  1  2  3  4  5  6  7  8  9 |
---------------+----------------------------+-----
Dodging        | 3 4 5 6 7 |  7.0
Stealth        | 1 2 4 6 8 10 | 10.8
Unarmed Combat | 5 7 9 10 11 12 13 | 13.0
Spellcasting   | 3 4 5 7 8 9 |  9.5
Transmutations | 3 5 7 8 10 | 10.3
Poison Magic   | 1 2 |  2.9
Fighting       | 2 3 |  3.3

Action                   |  1- 3 |  4- 6 |  7- 9 || total
-------------------------+-------+-------+-------++-------
Melee: Unarmed           |    19 |    14 |    29 ||    62
       Tentacles         |     5 |     3 |     4 ||    12
       Constrict         |     1 |     1 |     2 ||     4
       Punch             |       |     1 |     3 ||     4
 Cast: Beastly Appendage |     1 |       |       ||     1
       Wereblood         |     1 |     1 |     5 ||     7
       Spider Form       |     1 |     1 |       ||     2
       Blade Hands       |       |       |     5 ||     5
  Use: Potion            |       |     2 |     1 ||     3
 Stab: Sleeping          |     1 |     1 |     3 ||     5
Armor: Skin              |       |     1 |       ||     1
Dodge: Dodged            |    12 |     4 |    23 ||    39

Table legend: (Time is in decaauts)
 A = Elapsed time spent in this place.
 B = Non-inter-level travel time spent in this place.
 C = Inter-level travel time spent in this place.
 D = Time resting spent in this place.
 E = Time spent auto-exploring this place.
 F = Levels seen in this place.
 G = Mean time per level.
                   A        B        C        D        E       F      G
               +--------+--------+--------+--------+--------+-----+--------+
         Total |   1905 |   1905 |      0 |   1502 |     13 |   1 | 1905.0 |
       Dungeon |   1905 |   1905 |      0 |   1502 |     13 |   1 | 1905.0 |
               +--------+--------+--------+--------+--------+-----+--------+

Top non-repeatable levels by time:
       D: 1905 daAuts
